 Dungeon Crawl Stone Soup version 0.28.0-43-g3370ac3207 (webtiles) character file.

Game seed: 8138744011876991929

4398 tizbic2 the Basher (level 10, -2/53 HPs)
             Began as a Vine Stalker Fighter on Mar 17, 2022.
             Was a High Priest of Trog.
             Killed from afar by an acid dragon (13 damage)
             ... with a splash of acid
             ... on level 8 of the Dungeon.
             The game lasted 00:30:03 (5284 turns).

tizbic2 the Basher (Vine Stalker Fighter)           Turns: 5284, Time: 00:30:03

Health: -2/53      AC: 29    Str: 24    XL:     10   Next: 35%
Magic:  0/11       EV:  6    Int:  8    God:    Trog [*****.]
Gold:   381        SH: 11    Dex: 13    Spells: 9/9 levels left

rFire   . . .      SeeInvis .   G - +2 broad axe (drain)
rCold   . . .      Faith    .   E - +2 kite shield
rNeg    . . .      Spirit   +   e - +18 Lear's hauberk
rPois   .          Reflect  .   (helmet currently unavailable)
rElec   .          Harm     .   z - +0 cloak
rCorr   .          Rampage  .   (gloves currently unavailable)
Will    +....      Clarity  +   (boots currently unavailable)
Stlth   ..........              (no amulet)
HPRegen 0.97/turn               (no ring)
MPRegen 0.12/turn               (no ring)

@: lethally poisoned (-2 -> -3)
A: fangs 3, regeneration 1, magic shield, antimagic bite, no potion heal 2,
horns 1, clarity
a: Renounce Religion, Berserk, Trog's Hand, Brothers in Arms


You were on level 8 of the Dungeon.
You worshipped Trog.
Trog was extremely pleased with you.
You visited 1 branch of the dungeon, and saw 8 of its levels.

You collected 381 gold pieces.

Inventory:

Hand Weapons
 a - a +1 flail of protection
 g - a +2 dagger of speed
 w - a +0 hand crossbow
 G - a +2 broad axe of draining (weapon)
Missiles
 b - 18 poisoned darts (quivered)
 r - 4 boomerangs
 s - 167 stones
 F - 71 bolts
Armour
 c - a +1 buckler
 e - the +18 Lear's hauberk (worn)
   (You acquired it on level 8 of the Dungeon)
 i - a +2 helmet
 k - a +1 chain mail
 x - a scarf of invisibility
 y - a +0 pair of gloves
 z - a +0 cloak (worn)
 E - a +2 kite shield (worn)
 H - +0 acid dragon scales
 K - a +0 pair of boots
Wands
 C - a wand of flame (35)
 J - a wand of acid (7)
Scrolls
 l - 2 scrolls of holy word {unknown}
 n - 4 scrolls of identify
 p - 2 scrolls of brand weapon {unknown}
 q - a scroll of noise {unknown}
 u - 3 scrolls of teleportation
 v - a scroll of torment {unknown}
 I - a scroll of amnesia {unknown}
Potions
 d - 4 potions of might
 f - 3 potions of curing {unknown}
 h - 2 potions of degeneration {unknown}
 j - 4 potions of attraction {unknown}
 m - a potion of heal wounds {unknown}
 o - 3 potions of flight {unknown}
 A - 2 potions of lignification {unknown}
 B - a potion of mutation
 D - a potion of brilliance {unknown}


   Skills:
 + Level 6.9 Fighting
 * Level 8.8 Maces & Flails
 + Level 3.9 Crossbows
 - Level 6.0 Armour
 * Level 4.8 Shields


You had 9 spell levels left.
You didn't know any spells.
Your spell library was empty.

Dungeon Overview and Level Annotations

Branches:
Dungeon (8/15)             Temple (0/1) D:4
   Lair: D:8-11

Altars:
Fedhas
Sif Muna
Trog
Wu Jian
Xom
Yredelemnul
Zin

Shops:
D:6 :

Annotations:
D:8 Joseph


Innate Abilities, Weirdness & Mutations

You have razor-sharp teeth.
Your natural rate of healing is unusually fast.
When hurt, damage is shared between your health and your magic reserves.
Your bite disrupts and absorbs the magic of your enemies.
Potions cannot restore your health.
You have a pair of small horns on your head.
You possess an exceptional clarity of mind.


Message History

A sky beast comes into view.
The white imp grinds its teeth.
The water moccasin bites you but does no damage.
The centaur shoots an arrow.
The arrow hits you but does no damage. You block the hobgoblin's attack.
The orc hits you with a +0 trident.
You closely miss the white imp. Your headbutt misses the white imp.
You closely miss the water moccasin. You slash the orc!
You kill the orc!
Trog accepts your kill.
You slash the hobgoblin!
You kill the hobgoblin!
Trog accepts your kill.
You feel sick.
The centaur shoots an arrow.
The arrow hits you but does no damage. You block the water moccasin's attack.
The white imp hits you but does no damage.
Joseph shoots a sling bullet.
The sling bullet hits you! The sling bullet burns you.
The centaur shoots an arrow.
The arrow hits you.
A goblin comes into view. It is wielding a +0 spear.
The water moccasin bites you but does no damage.
The white imp hits you but does no damage.
You feel sick.
The centaur unwields a +0 shortbow.
You block the centaur's attack.
The centaur kicks you but does no damage.
Joseph shoots a sling bullet.
The sling bullet hits you!
* * * LOW HITPOINT WARNING * * *
The sling bullet burns you.
* * * LOW HITPOINT WARNING * * *
The centaur barely misses you. The centaur kicks you.
* * * LOW HITPOINT WARNING * * *
Okay, then.
As you read the scroll of fear, it crumbles to dust.
You assume a fearsome visage.
The goblin looks frightened!
Joseph looks frightened!
The centaur looks frightened!
The white imp looks frightened!
The water moccasin looks frightened!
The sky beast looks frightened!
You feel sick.
An acid dragon comes into view.
You feel sick. The acid dragon spits acid at you. The splash of acid hits you!
You die...

#..........# #.......
.##
#..##..#..####.......
.@..
##Y.##...##.......
##...
#...####.###.....#
...^.###..## ##
####### ....c.#...#
#.....#.#####
#.##....†5..♣♣
##.@).....♣♣
#.........♣
##.###....≈≈≈.D.♣
.........≈≈S≈≈....
......)).≈≈♣≈≈....
.........≈≈≈≈≈....
..........≈≈≈...♣.
≈≈.............♣♣
≈≈............♣♣


You could see Joseph (fleeing), a water moccasin (fleeing), an acid dragon
(catching breath), a sky beast (fleeing), a centaur (fleeing) and a white imp
(fleeing).

Vanquished Creatures
  A two-headed ogre (D:8)
  Pikel (D:6)
  Maggie (D:6)
  Sigmund (D:4)
  Eustachio (D:4)
  A steam dragon (D:7)
  2 water moccasins
  Duvessa (D:7)
  2 ice beasts
  A black bear (D:7)
  2 orc warriors
  A sky beast (D:5)
  A necrophage (D:6)
  An ogre (D:5)
  A kobold brigand (D:5)
  2 bullfrogs
  A gnoll sergeant (D:7)
  3 scorpions
  A wyvern skeleton (D:7)
  Dowan (D:7)
  A water moccasin skeleton (D:4)
  4 howler monkeys
  A bullfrog zombie (D:6)
  2 hounds
  4 orc priests
  2 bullfrog skeletons (D:5)
  A gnoll shaman (D:4)
  An iguana (D:5)
  9 orc wizards
  3 howler monkey skeletons
  10 gnolls
  7 adders
  2 shadow imps
  3 dart slugs
  29 orcs
  7 ball pythons
  6 bats
  5 endoplasms
  6 giant cockroaches
  8 goblins
  4 hobgoblins
  6 jackals (D:4)
  4 quokkas
  3 frilled lizards (D:2)
  26 kobolds
  7 rats
187 creatures vanquished.

Vanquished Creatures (others)
  An orc wizard (D:5)
  17 plants (D:5)
18 creatures vanquished.

Grand Total: 205 creatures vanquished

Notes
Turn   | Place    | Note
-------+----------+-------------------------------------------
     0 | D:1      | tizbic2 the Vine Stalker Fighter began the quest for the
                  | Orb.
     0 | D:1      | Reached XP level 1. HP: 11/11 MP: 2/2
    14 | D:1      | Found a faded altar of an unknown god.
    42 | D:1      | Prayed at the altar of an unknown god.
    42 | D:1      | Became a worshipper of Trog the Wrathful
    42 | D:1      | Reached * piety under Trog
    68 | D:1      | Reached XP level 2. HP: 14/16 MP: 1/3
    74 | D:1      | Reached skill level 2 in Maces & Flails
   339 | D:1      | Reached XP level 3. HP: 20/20 MP: 4/4
   627 | D:2      | Gained mutation: Your natural rate of healing is unusually
                  | fast. [Vine Stalker growth]
   627 | D:2      | Reached XP level 4. HP: 24/24 MP: 5/5
   656 | D:2      | Reached ** piety under Trog
   844 | D:2      | Found an ornate altar of the Wu Jian Council.
  1126 | D:3      | Reached XP level 5. HP: 28/28 MP: 6/6
  1367 | D:3      | Reached skill level 3 in Maces & Flails
  1578 | D:4      | Reached XP level 6. HP: 33/33 MP: 7/7
  1586 | D:4      | Noticed Eustachio
  1591 | D:4      | Reached *** piety under Trog
  1661 | D:4      | Killed Eustachio
  1662 | D:4      | Reached XP level 7. HP: 37/37 MP: 8/8
  1718 | D:4      | Reached skill level 4 in Maces & Flails
  1879 | D:4      | Found a staircase to the Ecumenical Temple.
  1951 | D:4      | Found a basalt altar of Yredelemnul.
  1956 | D:4      | Gained mutation: You have a pair of small horns on your
                  | head. [potion of mutation]
  1956 | D:4      | Gained mutation: You possess an exceptional clarity of
                  | mind. [potion of mutation]
  2436 | D:4      | Noticed Sigmund
  2447 | D:4      | Killed Sigmund
  2498 | D:5      | Entered Level 5 of the Dungeon
  2579 | D:5      | Reached skill level 5 in Maces & Flails
  2591 | D:5      | Gained mutation: You have razor-sharp teeth. [Vine Stalker
                  | growth]
  2591 | D:5      | Reached XP level 8. HP: 39/42 MP: 7/9
  2659 | D:5      | Reached skill level 5 in Fighting
  2681 | D:5      | Reached **** piety under Trog
  2707 | D:5      | Found a blossoming altar of Fedhas.
  2890 | D:5      | Reached skill level 6 in Maces & Flails
  3140 | D:5      | Found a glowing silver altar of Zin.
  3318 | D:5      | Found a shimmering altar of Xom.
  3318 | D:5      | Found a shimmering blue altar of Sif Muna.
  3319 | D:5      | Found a bloodstained altar of Trog.
  3777 | D:6      | Reached skill level 5 in Armour
  3852 | D:6      | Noticed Pikel
  3870 | D:6      | Killed Pikel
  3871 | D:6      | Reached skill level 7 in Maces & Flails
  3871 | D:6      | Reached skill level 1 in Crossbows
  3871 | D:6      | Reached XP level 9. HP: 48/48 MP: 10/10
  4037 | D:6      | Noticed Maggie
  4051 | D:6      | Killed Maggie
  4298 | D:6      | Found Ticeivaitz's Book Shoppe.
  4433 | D:7      | Noticed Dowan
  4434 | D:7      | Noticed Duvessa
  4443 | D:7      | Killed Duvessa
  4454 | D:7      | Killed Dowan
  4585 | D:7      | Reached skill level 8 in Maces & Flails
  4589 | D:7      | Reached ***** piety under Trog
  4733 | D:7      | Reached XP level 10. HP: 53/53 MP: 11/11
  5107 | D:8      | Noticed a two-headed ogre
  5117 | D:8      | Killed a two-headed ogre
  5156 | D:8      | Identified a scroll of acquirement
  5156 | D:8      | Acquired the +18 Lear's hauberk
  5156 | D:8      | Found the +18 Lear's hauberk
  5280 | D:8      | Noticed Joseph
  5284 | D:8      | Killed from afar by an acid dragon

Illustrated notes

Levels and vault maps discovered:
D:1:      dpeg_arrival_tiny_h, layout_basic, nicolae_ecumenical_snake_handling
D:2:      minmay_inner_zag, layout_rooms, basic_altar
D:3:      layout_basic, serial_rivers, chequers_serial_rivers_small_b,
          chequers_serial_rivers_micro_a, chequers_serial_rivers_micro_a,
          chequers_serial_rivers_micro_a
D:4:      layout_loops_ring, mainiacjoe_overflow_small_starburst,
          minmay_temple_entry_slanted, wad_floor_pattern_untrapped,
          uniq_eustachio, uniq_sigmund
D:5:      kennysheep_kobold_camp, layout_basic,
          mainiacjoe_overflow_surrounded_room, gammafunk_temple_overflow_claw,
          fedhas_altar_fruit_tree
D:6:      layout_loops_cross, serial_shops, shop, uniq_maggie, uniq_pikel
D:7:      layout_cave_pods, uniq_duvessa
D:8:      layout_rooms, elyvilon_altar_3, enter_bailey_4, lemuel_another_geyser,
          uniq_joseph

Skill      XL: |  1  2  3  4  5  6  7  8  9 10 |
---------------+-------------------------------+-----
Maces & Flails | 2 3 5 7 8 |  8.8
Fighting       | 3 4 5 6 |  6.9
Shields        | 3 4 |  4.8
Armour         | 3 4 5 6 |  6.0
Crossbows      | 1 3 |  3.9

Action                   |  1- 3 |  4- 6 |  7- 9 | 10-12 || total
-------------------------+-------+-------+-------+-------++-------
Melee: Flail             |    10 |   111 |   282 |    43 ||   446
       Dagger            |    61 |   101 |       |     4 ||   166
       Bite              |    14 |    55 |    83 |    15 ||   167
       Headbutt          |       |       |    58 |    10 ||    68
       Hand axe          |       |       |     8 |       ||     8
       Broad axe         |       |       |     5 |     8 ||    13
 Fire: Hand crossbow     |       |       |     5 |     9 ||    14
Throw: Dart              |     2 |       |     7 |     1 ||    10
       Boomerang         |       |       |     1 |       ||     1
Invok: Berserk           |       |     1 |     1 |     1 ||     3
  Use: Scroll            |     1 |     1 |     4 |     3 ||     9
       Potion            |       |       |     1 |       ||     1
Armor: Scale mail        |     8 |       |       |       ||     8
       Chain mail        |    20 |   116 |   121 |    49 ||   306
       Acid dragon scale |       |       |    21 |    11 ||    32
Dodge: Dodged            |    14 |    51 |    80 |    32 ||   177
Block: Buckler           |     6 |    47 |    58 |     9 ||   120
       Kite shield       |       |       |       |    43 ||    43
